[Event "FICS rated blitz game"]
[Site "FICS freechess.org"]
[FICSGamesDBGameNo "20000182"]
[White "ouroboros"]
[Black "MansBlo"]
[WhiteElo "1593"]
[BlackElo "1420"]
[WhiteRD "na"]
[BlackRD "na"]
[TimeControl "180+0"]
[Date "1999.02.03"]
[Time "13:29:00"]
[WhiteClock "0:03:00.000"]
[BlackClock "0:03:00.000"]
[ECO "D15"]
[PlyCount "63"]
[Result "1-0"]

1. d4 d5 2. c4 c6 3. Nc3 Nf6 4. Nf3 Bf5 5. Bf4 Nbd7 6. cxd5 cxd5 7. e3 e6 8. Bd3 Bg6 9. O-O Nh5 10. Bg3 Nxg3 11. fxg3 Bd6 12. Rc1 O-O 13. Re1 Qb6 14. Bxg6 fxg6 15. Rc2 Nf6 16. Rf1 Bb4 17. a3 Bd6 18. Rcf2 Rac8 19. Qd2 a6 20. Ne5 Qc7 21. Nd3 b6 22. e4 dxe4 23. Ne5 Bxe5 24. dxe5 Qxe5 25. Qe3 Ng4 26. Rxf8+ Rxf8 27. Rxf8+ Kxf8 28. Qxb6 e3 29. Qxa6 Qd4 30. Qe2 e5 31. Qf3+ Kg8 32. Qe2 {Black forfeits on time} 1-0

[Event "FICS rated blitz game"]
[Site "FICS freechess.org"]
[FICSGamesDBGameNo "20000180"]
[White "AVA"]
[Black "PLV"]
[WhiteElo "1677"]
[BlackElo "1457"]
[WhiteRD "na"]
[BlackRD "na"]
[TimeControl "300+0"]
[Date "1999.02.03"]
[Time "10:53:00"]
[WhiteClock "0:05:00.000"]
[BlackClock "0:05:00.000"]
[ECO "B02"]
[PlyCount "131"]
[Result "1-0"]

1. e4 d5 2. exd5 Nf6 3. Nc3 Nxd5 4. Nge2 Nxc3 5. Nxc3 e5 6. Be2 Bf5 7. d3 Bd6 8. Ne4 Bxe4 9. dxe4 Bb4+ 10. c3 Qxd1+ 11. Bxd1 Bd6 12. O-O O-O 13. Be3 Nd7 14. b4 Nf6 15. f3 b6 16. Ba4 Rac8 17. Bc6 Rcd8 18. Rfd1 Be7 19. a3 Rxd1+ 20. Rxd1 Rd8 21. Rxd8+ Bxd8 22. Kf2 Be7 23. Ke2 a5 24. Kd3 axb4 25. cxb4 Kf8 26. Bd2 Ne8 27. Bxe8 Kxe8 28. Kc4 Kd7 29. a4 Kc6 30. b5+ Kd7 31. Kd5 Bd6 32. g3 g6 33. f4 f6 34. f5 g5 35. h4 h6 36. h5 Bc5 37. g4 Bd6 38. a5 bxa5 39. Bxa5 Be7 40. Bc3 Ba3 41. Kc4 Kd6 42. Bb4+ Bxb4 43. Kxb4 c6 44. b6 c5+ 45. Kc4 Kc6 46. b7 Kxb7 47. Kxc5 Kc7 48. Kb5 Kb7 49. Kc5 Kc7 50. Kd5 Kd7 51. Kc5 Kc7 52. Kb5 Kb7 53. Kc4 Kc7 54. Kc5 Kd7 55. Kd5 Ke7 56. Kc6 Ke8 57. Kd6 Kf7 58. Kd7 Kf8 59. Ke6 Kg7 60. Ke7 Kg8 61. Kxf6 Kh7 62. Kf7 Kh8 63. Kg6 Kg8 64. f6 Kf8 65. f7 Ke7 66. Kg7 {Black resigns} 1-0

[Event "FICS rated blitz game"]
[Site "FICS freechess.org"]
[FICSGamesDBGameNo "20000179"]
[White "lyudmil"]
[Black "albertpinto"]
[WhiteElo "1754"]
[BlackElo "1788"]
[WhiteRD "na"]
[BlackRD "na"]
[TimeControl "180+0"]
[Date "1999.02.02"]
[Time "22:57:00"]
[WhiteClock "0:03:00.000"]
[BlackClock "0:03:00.000"]
[ECO "C54"]
[PlyCount "51"]
[Result "1-0"]

1. e4 e5 2. Nf3 Nc6 3. Bc4 Nf6 4. O-O Bc5 5. c3 O-O 6. d4 exd4 7. cxd4 Bb6 8. e5 Ne4 9. Bd3 d5 10. Nc3 Bg4 11. Be3 Bxf3 12. Qxf3 Bxd4 13. Nxd5 Qxd5 14. Bxe4 Qxe5 15. Bf4 Qf6 16. Bxc6 bxc6 17. Rab1 Rab8 18. b3 Rb7 19. Rbc1 c5 20. Qxb7 Rd8 21. Bxc7 Qe7 22. Qxa7 Re8 23. Bb6 Qg5 24. Bxc5 Bxc5 25. Qxc5 Qxc5 26. Rxc5 {Black resigns} 1-0

[Event "FICS rated standard game"]
[Site "FICS freechess.org"]
[FICSGamesDBGameNo "20000178"]
[White "TheGamesMan"]
[Black "Gautam"]
[WhiteElo "1254"]
[BlackElo "1509"]
[WhiteRD "na"]
[BlackRD "na"]
[TimeControl "600+10"]
[Date "1999.02.02"]
[Time "18:37:00"]
[WhiteClock "0:10:00.000"]
[BlackClock "0:10:00.000"]
[ECO "A00"]
[PlyCount "86"]
[Result "1/2-1/2"]

1. d3 d5 2. e3 e5 3. Bd2 Nf6 4. Be2 Be7 5. Nf3 e4 6. Ne5 O-O 7. d4 Nc6 8. O-O Re8 9. Bh5 g6 10. Nxf7 Kxf7 11. Bxg6+ hxg6 12. f3 Rh8 13. fxe4 dxe4 14. c3 Bg4 15. Qxg4 Kg7 16. Qd1 Qd6 17. g3 Nh5 18. Be1 Rhf8 19. Rxf8 Rxf8 20. Qe2 Qf6 21. Nd2 Bd6 22. Nxe4 Qe6 23. Nxd6 Qxd6 24. Bf2 Nf6 25. Rf1 Ne4 26. Qc2 Nxf2 27. Rxf2 Rxf2 28. Qxf2 Ne7 29. e4 Qe6 30. e5 b6 31. Qf3 Qc6 32. Qf4 Nd5 33. Qg5 Qe6 34. h4 Qe7 35. Qg4 Ne3 36. Qh3 Nd1 37. h5 gxh5 38. Qxh5 Nxb2 39. Qg4+ Kf7 40. Qh5+ Kg7 41. Qg4+ Kf7 42. Qh5+ Kg7 43. Qg4+ Kf7 {Game drawn by repetition} 1/2-1/2

[Event "FICS rated blitz game"]
[Site "FICS freechess.org"]
[FICSGamesDBGameNo "20000177"]
[White "Chaps"]
[Black "Schassen"]
[WhiteElo "1315"]
[BlackElo "1310"]
[WhiteRD "na"]
[BlackRD "na"]
[TimeControl "120+10"]
[Date "1999.02.02"]
[Time "16:26:00"]
[WhiteClock "0:02:00.000"]
[BlackClock "0:02:00.000"]
[ECO "C11"]
[PlyCount "52"]
[Result "0-1"]

1. e4 e6 2. d4 d5 3. Nc3 Nf6 4. e5 Nfd7 5. Nge2 c5 6. g3 Nc6 7. Bg2 f6 8. exf6 Nxf6 9. Bg5 Be7 10. O-O O-O 11. Nf4 h6 12. Bxf6 Rxf6 13. Re1 cxd4 14. Nxe6 Bxe6 15. Ne2 Bg4 16. Qd3 Bf5 17. Qd2 Bb4 18. c3 dxc3 19. bxc3 Ba5 20. Nd4 Nxd4 21. Qxd4 Rc8 22. Rac1 Bb6 23. Qb4 Be4 24. Bxe4 dxe4 25. Re2 Qd3 26. Qb3+ Kh7 {White forfeits on time} 0-1

[Event "FICS rated blitz game"]
[Site "FICS freechess.org"]
[FICSGamesDBGameNo "20000176"]
[White "MansBlo"]
[Black "sanke"]
[WhiteElo "1398"]
[BlackElo "1192"]
[WhiteRD "na"]
[BlackRD "na"]
[TimeControl "180+0"]
[Date "1999.02.02"]
[Time "05:40:00"]
[WhiteClock "0:03:00.000"]
[BlackClock "0:03:00.000"]
[ECO "C14"]
[PlyCount "63"]
[Result "1-0"]

1. e4 e6 2. d4 d5 3. Nc3 Nf6 4. Bg5 Be7 5. e5 Nfd7 6. Bxe7 Qxe7 7. Bb5 c6 8. Bd3 a6 9. Qg4 g6 10. Nf3 b5 11. O-O c5 12. dxc5 Nxc5 13. Be2 Bb7 14. Qf4 Nbd7 15. h3 O-O-O 16. a4 b4 17. Na2 a5 18. Rac1 Rdf8 19. c3 f6 20. cxb4 fxe5 21. Qd2 Kb8 22. bxc5 Nxc5 23. Qxa5 Nb3 24. Rc3 Nxa5 25. Rfc1 Rc8 26. Rxc8+ Rxc8 27. Rc7 Rxc7 28. Nc3 Rxc3 29. bxc3 Qa3 30. Nxe5 d4 31. Nd7+ Kc7 32. Ne5 {Black forfeits by disconnection} 1-0

[Event "FICS rated blitz game"]
[Site "FICS freechess.org"]
[FICSGamesDBGameNo "20000175"]
[White "Quatari"]
[Black "Kadamose"]
[WhiteElo "1276"]
[BlackElo "752"]
[WhiteRD "na"]
[BlackRD "na"]
[TimeControl "300+5"]
[Date "1999.02.01"]
[Time "02:51:00"]
[WhiteClock "0:05:00.000"]
[BlackClock "0:05:00.000"]
[ECO "C25"]
[PlyCount "53"]
[Result "0-1"]

1. e4 e5 2. Nc3 d6 3. Bc4 Nf6 4. Nf3 Bg4 5. h3 Bh5 6. g4 Bg6 7. d3 Be7 8. Be3 O-O 9. Qd2 Nc6 10. a3 a6 11. O-O-O b5 12. Bd5 Qd7 13. Bxc6 Qxc6 14. Nd5 Bd8 15. c4 Rb8 16. Nb4 Qb6 17. Bxb6 Rxb6 18. Nd5 Rb7 19. Nxf6+ gxf6 20. h4 h5 21. Rhg1 Kh7 22. gxh5 Bxh5 23. Qe3 bxc4 24. dxc4 a5 25. Rd3 c5 26. Nh2 f5 27. Qg3 {White resigns} 0-1

[Event "FICS rated blitz game"]
[Site "FICS freechess.org"]
[FICSGamesDBGameNo "20000174"]
[White "Hiccup"]
[Black "JohnSun"]
[WhiteElo "1200"]
[BlackElo "1752"]
[WhiteRD "na"]
[BlackRD "na"]
[TimeControl "300+0"]
[Date "1999.01.31"]
[Time "22:12:00"]
[WhiteClock "0:05:00.000"]
[BlackClock "0:05:00.000"]
[ECO "B50"]
[PlyCount "66"]
[Result "0-1"]

1. e4 c5 2. d3 d6 3. Nf3 Nf6 4. Bg5 g6 5. Bxf6 exf6 6. d4 cxd4 7. Qxd4 Bg7 8. Qa4+ Bd7 9. Bb5 Nc6 10. c3 O-O 11. O-O Re8 12. Nbd2 a6 13. Bc4 b5 14. Bxb5 axb5 15. Qb3 Ne5 16. Rad1 Bg4 17. Qxb5 Rb8 18. Qa6 Rxb2 19. a4 Ra2 20. h3 Bxf3 21. gxf3 Rxd2 22. Rxd2 Nxf3+ 23. Kg2 Nxd2 24. Rd1 Nxe4 25. f3 Nc5 26. Qxd6 Qxd6 27. Rxd6 f5 28. Rc6 Ne6 29. Rxe6 fxe6 30. Kg3 Bxc3 31. Kf4 Kf7 32. Kg5 Rc8 33. h4 Rc4 {White forfeits on time} 0-1

[Event "FICS rated blitz game"]
[Site "FICS freechess.org"]
[FICSGamesDBGameNo "20000173"]
[White "legrotte"]
[Black "mrcdog"]
[WhiteElo "1592"]
[BlackElo "1517"]
[WhiteRD "na"]
[BlackRD "na"]
[TimeControl "180+0"]
[Date "1999.01.31"]
[Time "18:44:00"]
[WhiteClock "0:03:00.000"]
[BlackClock "0:03:00.000"]
[ECO "B21"]
[PlyCount "31"]
[Result "1-0"]

1. e4 c5 2. d4 cxd4 3. c3 dxc3 4. Bc4 cxb2 5. Bxb2 Nc6 6. Nf3 Nf6 7. O-O e6 8. Nbd2 Bc5 9. Rc1 O-O 10. Ng5 h6 11. Ndf3 hxg5 12. Nxg5 d5 13. exd5 Nxd5 14. Qh5 Nf6 15. Bxf6 Qxf6 16. Qh7# {Black checkmated} 1-0

[Event "FICS rated blitz game"]
[Site "FICS freechess.org"]
[FICSGamesDBGameNo "20000172"]
[White "sgh"]
[Black "marix"]
[WhiteElo "1637"]
[BlackElo "1730"]
[WhiteRD "na"]
[BlackRD "na"]
[TimeControl "300+0"]
[Date "1999.01.31"]
[Time "18:04:00"]
[WhiteClock "0:05:00.000"]
[BlackClock "0:05:00.000"]
[ECO "A17"]
[PlyCount "56"]
[Result "0-1"]

1. c4 Nf6 2. Nc3 e6 3. g3 d5 4. cxd5 exd5 5. Bg2 d4 6. Ne4 Nxe4 7. Bxe4 Be7 8. Nf3 O-O 9. O-O c5 10. b3 Nc6 11. Ba3 Re8 12. Qc2 f5 13. Bxc6 bxc6 14. Bxc5 Bxc5 15. Qxc5 Rxe2 16. Qc4+ Re6 17. Nxd4 Qf6 18. Nxe6 Bxe6 19. Qxc6 Rc8 20. Qb7 Qd8 21. Rac1 Rb8 22. Qc7 Qf8 23. Rc6 Bd5 24. Rd6 Be4 25. d3 Bf3 26. Re1 h6 27. Rde6 Kh7 28. Qc5 Qxc5 {White resigns} 0-1

[Event "FICS rated lightning game"]
[Site "FICS freechess.org"]
[FICSGamesDBGameNo "20000171"]
[White "andreasw"]
[Black "TigerMath"]
[WhiteElo "1788"]
[BlackElo "1493"]
[WhiteRD "na"]
[BlackRD "na"]
[TimeControl "60+0"]
[Date "1999.01.31"]
[Time "17:17:00"]
[WhiteClock "0:01:00.000"]
[BlackClock "0:01:00.000"]
[ECO "E93"]
[PlyCount "51"]
[Result "1-0"]

1. Nf3 g6 2. d4 Bg7 3. c4 d6 4. Nc3 Nf6 5. e4 O-O 6. Be3 e5 7. d5 Nbd7 8. Be2 a5 9. O-O Nc5 10. Qc2 Ne8 11. a3 f5 12. b4 Nxe4 13. Nxe4 fxe4 14. Nd2 Bf5 15. c5 Nf6 16. Bc4 Rf7 17. b5 Qf8 18. cxd6 cxd6 19. Qa4 Ng4 20. h3 Nxe3 21. fxe3 Kh8 22. Rf2 Bd7 23. Raf1 Rxf2 24. Rxf2 Qe8 25. Qb3 Rc8 26. a4 {Black forfeits on time} 1-0

[Event "FICS rated blitz game"]
[Site "FICS freechess.org"]
[FICSGamesDBGameNo "20000170"]
[White "Cyber"]
[Black "blesf"]
[WhiteElo "1722"]
[BlackElo "1639"]
[WhiteRD "na"]
[BlackRD "na"]
[TimeControl "300+0"]
[Date "1999.01.31"]
[Time "17:07:00"]
[WhiteClock "0:05:00.000"]
[BlackClock "0:05:00.000"]
[ECO "B21"]
[PlyCount "64"]
[Result "0-1"]

1. e4 c5 2. d4 cxd4 3. c3 dxc3 4. Nxc3 e6 5. Nf3 Bb4 6. Bc4 Ne7 7. Bg5 Bxc3+ 8. bxc3 Qa5 9. O-O Ng6 10. Qd6 Na6 11. Nh4 f6 12. Nxg6 hxg6 13. Bd2 Qc7 14. Qxc7 Nxc7 15. f4 b5 16. Bb3 Bb7 17. Rae1 O-O-O 18. a4 Rh5 19. f5 gxf5 20. c4 bxc4 21. Bxc4 Bxe4 22. Be3 d5 23. Ba2 d4 24. Bf4 e5 25. Bc1 Rdh8 26. h3 g5 27. Ba3 g4 28. Rc1 gxh3 29. g3 h2+ 30. Kf2 h1=Q 31. Rxh1 Rxh1 32. Be6+ Kd8 {White resigns} 0-1

[Event "FICS rated standard game"]
[Site "FICS freechess.org"]
[FICSGamesDBGameNo "20000169"]
[White "mrQuispel"]
[Black "Fistandantilus"]
[WhiteElo "1448"]
[BlackElo "1502"]
[WhiteRD "na"]
[BlackRD "na"]
[TimeControl "300+15"]
[Date "1999.01.31"]
[Time "08:52:00"]
[WhiteClock "0:05:00.000"]
[BlackClock "0:05:00.000"]
[ECO "B32"]
[PlyCount "55"]
[Result "1-0"]

1. e4 c5 2. Nf3 Nc6 3. d4 e6 4. c3 cxd4 5. cxd4 g6 6. Nbd2 Bg7 7. Nb3 Nge7 8. Bd3 O-O 9. O-O d5 10. Re1 dxe4 11. Bxe4 e5 12. d5 Na5 13. Bg5 f6 14. Be3 Nxb3 15. Qxb3 f5 16. Bc2 Nxd5 17. Bg5 Qd6 18. Rad1 Be6 19. Qxb7 Rab8 20. Qxa7 Rxb2 21. Bb3 Qb8 22. Qxb8 Rxb8 23. Bxd5 Bxd5 24. Rxd5 Rxa2 25. Nxe5 Rbb2 26. Rd8+ Bf8 27. Bh6 Rxf2 28. Rxf8# {Black checkmated} 1-0

[Event "FICS rated blitz game"]
[Site "FICS freechess.org"]
[FICSGamesDBGameNo "20000168"]
[White "BlueBishop"]
[Black "Mecking"]
[WhiteElo "1540"]
[BlackElo "1389"]
[WhiteRD "na"]
[BlackRD "na"]
[TimeControl "300+0"]
[Date "1999.01.31"]
[Time "06:01:00"]
[WhiteClock "0:05:00.000"]
[BlackClock "0:05:00.000"]
[ECO "C40"]
[PlyCount "115"]
[Result "1-0"]

1. e4 e5 2. Nf3 Qe7 3. a3 d6 4. Nc3 c6 5. d3 Nd7 6. Be2 g6 7. O-O Bg7 8. Be3 Ngf6 9. Bg5 O-O 10. Qc1 b5 11. b4 a5 12. Bh6 axb4 13. Bxg7 Kxg7 14. axb4 Bb7 15. h4 d5 16. exd5 cxd5 17. Re1 d4 18. Nxb5 Qxb4 19. Qb1 Qxb1 20. Rexb1 Rxa1 21. Rxa1 Bc6 22. c4 dxc3 23. Nxc3 Re8 24. Ra6 Bxf3 25. Bxf3 Nc5 26. Rd6 e4 27. dxe4 Ncxe4 28. Nxe4 Nxe4 29. Bxe4 Rxe4 30. g3 Re1+ 31. Kg2 f5 32. f4 Kh6 33. Rd2 Re3 34. Kf2 Re7 35. Re2 Rxe2+ 36. Kxe2 Kh5 37. Kf3 h6 38. Kg2 Kg4 39. Kh2 g5 40. hxg5 hxg5 41. fxg5 Kxg5 42. Kh3 Kg6 43. Kh4 Kf6 44. Kh5 Ke5 45. Kg5 Ke4 46. Kh4 Ke5 47. Kh3 Ke4 48. Kg2 Ke5 49. Kf3 Ke6 50. Kf4 Kf6 51. Ke3 Ke5 52. Kf3 Kf6 53. Kf2 Ke5 54. Ke2 Ke4 55. Kf2 f4 56. g4 Ke5 57. Kf3 Kf6 58. Kxf4 {Black resigns} 1-0

[Event "FICS rated blitz game"]
[Site "FICS freechess.org"]
[FICSGamesDBGameNo "20000166"]
[White "Zohrd"]
[Black "sexygrl"]
[WhiteElo "982"]
[BlackElo "1124"]
[WhiteRD "na"]
[BlackRD "na"]
[TimeControl "120+12"]
[Date "1999.01.30"]
[Time "23:24:00"]
[WhiteClock "0:02:00.000"]
[BlackClock "0:02:00.000"]
[ECO "A00"]
[PlyCount "195"]
[Result "1-0"]

1. g3 e5 2. Bg2 Bc5 3. d3 Qf6 4. Nh3 Nh6 5. Be3 Bxe3 6. fxe3 d5 7. Rf1 Qg6 8. Bxd5 Bxh3 9. Be4 Qb6 10. Rf3 Bg2 11. Rf2 Bxe4 12. dxe4 Qxe3 13. Qd2 Qxd2+ 14. Nxd2 Ng4 15. Rf5 O-O 16. h3 g6 17. Rf1 Nh2 18. Rf2 Nc6 19. Rxh2 Nd4 20. Rc1 f5 21. c3 Nc6 22. Rf2 fxe4 23. Nxe4 Rxf2 24. Nxf2 Rf8 25. Rd1 b5 26. Rd7 Rc8 27. a3 Na5 28. Kd1 Nc4 29. Kc2 Ne3+ 30. Kd2 Nc4+ 31. Kc2 a5 32. Rd5 c6 33. Rc5 Ne3+ 34. Kd3 Nf5 35. g4 Ne7 36. Rxe5 Rd8+ 37. Kc2 Nc8 38. Re6 Na7 39. b4 axb4 40. axb4 Rc8 41. Ne4 Kf7 42. Rf6+ Ke7 43. Ng5 Kxf6 44. Nxh7+ Kg7 45. Ng5 c5 46. Ne6+ Kf6 47. Nxc5 Kg5 48. Ne4+ Kf4 49. Nd6 Rd8 50. Nf7 Rd7 51. Nh6 Kg3 52. Ng8 Kxh3 53. e4 Kxg4 54. Nf6+ Kh4 55. Nxd7 g5 56. e5 g4 57. e6 Nc6 58. Kd3 g3 59. Ke4 g2 60. Kd5 Ne7+ 61. Kd6 g1=Q 62. Kxe7 Qg5+ 63. Nf6 Qg7+ 64. Kd6 Qxf6 65. Kd7 Kg3 66. e7 Qf5+ 67. Kd8 Qd5+ 68. Ke8 Qe6 69. Kf8 Qf6+ 70. Ke8 Qh8+ 71. Kd7 Qh3+ 72. Kc7 Qh7 73. Kd8 Qg8+ 74. e8=Q Qd5+ 75. Qd7 Qg5+ 76. Kc8 Qg8+ 77. Kb7 Kf3 78. Qxb5 Qf7+ 79. Kb6 Qf6+ 80. Qc6+ Qxc6+ 81. Kxc6 Ke4 82. c4 Kd4 83. Kb5 Ke5 84. c5 Ke6 85. c6 Kd6 86. Kb6 Ke7 87. b5 Kd8 88. Kb7 Ke7 89. c7 Kd7 90. c8=Q+ Kd6 91. Qc6+ Ke5 92. Kc7 Kf4 93. b6 Kg3 94. Qf6 Kh2 95. b7 Kg2 96. b8=Q Kg3 97. Qg8+ Kh2 98. Qh6# {Black checkmated} 1-0

[Event "FICS rated blitz game"]
[Site "FICS freechess.org"]
[FICSGamesDBGameNo "20000165"]
[White "Hiccup"]
[Black "BobbyGee"]
[WhiteElo "1206"]
[BlackElo "1524"]
[WhiteRD "na"]
[BlackRD "na"]
[TimeControl "300+3"]
[Date "1999.01.30"]
[Time "22:11:00"]
[WhiteClock "0:05:00.000"]
[BlackClock "0:05:00.000"]
[ECO "C54"]
[PlyCount "60"]
[Result "0-1"]

1. e4 e5 2. Nf3 Nc6 3. Bc4 Bc5 4. c3 Nf6 5. d4 exd4 6. cxd4 Bb4+ 7. Nc3 d6 8. e5 Qe7 9. d5 Nxe5 10. O-O Bg4 11. Qa4+ Nfd7 12. Nxe5 Qxe5 13. Qxb4 Nb6 14. Qb5+ Bd7 15. Qb3 O-O 16. g3 a5 17. Qc2 Nxc4 18. f4 Qd4+ 19. Kh1 Rae8 20. b3 Ne3 21. Bxe3 Rxe3 22. Nd1 Qxd5+ 23. Kg1 Bh3 24. Nxe3 Qd4 25. Qe2 Re8 26. Rad1 Rxe3 27. Rxd4 Rxe2 28. Rc1 Rg2+ 29. Kh1 Rxa2 30. Rxc7 Ra1+ {White resigns} 0-1

[Event "FICS rated blitz game"]
[Site "FICS freechess.org"]
[FICSGamesDBGameNo "20000164"]
[White "Zohrd"]
[Black "SpotsyChess"]
[WhiteElo "988"]
[BlackElo "1720"]
[WhiteRD "na"]
[BlackRD "na"]
[TimeControl "120+12"]
[Date "1999.01.30"]
[Time "20:54:00"]
[WhiteClock "0:02:00.000"]
[BlackClock "0:02:00.000"]
[ECO "A00"]
[PlyCount "88"]
[Result "0-1"]

1. d3 e6 2. Bf4 b6 3. Qd2 Bb7 4. Bg5 Be7 5. Nh3 Nf6 6. Qc3 d5 7. Bf4 Bd6 8. Bg5 Nbd7 9. Nf4 h6 10. Bxf6 Qxf6 11. Qxf6 Nxf6 12. Nh3 O-O 13. d4 c5 14. e3 cxd4 15. exd4 Rac8 16. c3 a6 17. a3 b5 18. Nd2 e5 19. dxe5 Bxe5 20. Rc1 Rfe8 21. Bd3 Bxc3+ 22. Kd1 Bxb2 23. Rxc8 Rxc8 24. Ke2 Bxa3 25. f3 Rc1 26. Rxc1 Bxc1 27. Nb3 Ba3 28. Nc5 Bxc5 29. Nf4 g5 30. Nh3 d4 31. Nf2 Bb4 32. Nd1 Bc3 33. Bc2 b4 34. Bb3 a5 35. Nxc3 dxc3 36. Kd3 Ba6+ 37. Kc2 Bb5 38. Ba2 Nd7 39. Bd5 Nc5 40. g3 Ba4+ 41. Kc1 Bb3 42. Bxb3 Nxb3+ 43. Kc2 Nd4+ 44. Kd3 Nxf3 {White resigns} 0-1

[Event "FICS rated blitz game"]
[Site "FICS freechess.org"]
[FICSGamesDBGameNo "20000163"]
[White "MattSA"]
[Black "JYuen"]
[WhiteElo "1680"]
[BlackElo "1546"]
[WhiteRD "na"]
[BlackRD "na"]
[TimeControl "180+0"]
[Date "1999.01.30"]
[Time "00:34:00"]
[WhiteClock "0:03:00.000"]
[BlackClock "0:03:00.000"]
[ECO "C34"]
[PlyCount "51"]
[Result "1-0"]

1. e4 e5 2. f4 exf4 3. Nf3 Nf6 4. e5 Qe7 5. d4 Nd5 6. Bc4 Ne3 7. Bxe3 fxe3 8. O-O Qb4 9. Bb3 c5 10. Ng5 c4 11. c3 Qb5 12. Ba4 Qxb2 13. Nxf7 e2 14. Qc1 exf1=Q+ 15. Qxf1 Qxa1 16. Nxh8 Kd8 17. Qxf8+ Kc7 18. Qd6+ Kd8 19. Nf7+ Ke8 20. Qe6+ Kf8 21. Qf5 Ke8 22. Nd6+ Kd8 23. Qf8+ Kc7 24. Qxc8+ Kb6 25. Qc5+ Ka6 26. Qb5# {Black checkmated} 1-0

[Event "FICS rated blitz game"]
[Site "FICS freechess.org"]
[FICSGamesDBGameNo "20000162"]
[White "Hatchetman"]
[Black "RandomMoves"]
[WhiteElo "1789"]
[BlackElo "1663"]
[WhiteRD "na"]
[BlackRD "na"]
[TimeControl "180+2"]
[Date "1999.01.29"]
[Time "17:06:00"]
[WhiteClock "0:03:00.000"]
[BlackClock "0:03:00.000"]
[ECO "B97"]
[PlyCount "62"]
[Result "0-1"]

1. e4 c5 2. Nf3 d6 3. d4 cxd4 4. Nxd4 Nf6 5. Nc3 a6 6. Bg5 e6 7. f4 Qb6 8. Nb3 Be7 9. Be2 Nc6 10. Qd3 Nb4 11. Qd2 Bd7 12. O-O-O Rc8 13. Bf3 O-O 14. g4 h6 15. h4 Rxc3 16. bxc3 Nxa2+ 17. Kb2 Nxc3 18. Qxc3 Rc8 19. Qd4 Qb5 20. Bxf6 Bxf6 21. e5 dxe5 22. fxe5 Bxe5 23. Qxe5 Qxe5+ 24. Kb1 Bc6 25. Bxc6 Rxc6 26. g5 h5 27. Rhg1 a5 28. g6 fxg6 29. Rg5 Qe2 30. Rdg1 Qxc2+ 31. Ka1 Qxb3 {White resigns} 0-1

[Event "FICS rated blitz game"]
[Site "FICS freechess.org"]
[FICSGamesDBGameNo "20000161"]
[White "stealthbomber"]
[Black "MagnusStromgren"]
[WhiteElo "1363"]
[BlackElo "1467"]
[WhiteRD "na"]
[BlackRD "na"]
[TimeControl "120+5"]
[Date "1999.01.29"]
[Time "11:22:00"]
[WhiteClock "0:02:00.000"]
[BlackClock "0:02:00.000"]
[ECO "E60"]
[PlyCount "113"]
[Result "1-0"]

1. d4 Nf6 2. c4 g6 3. Bg5 Ne4 4. Bh4 g5 5. Qd3 d5 6. cxd5 Bf5 7. Qf3 c5 8. Qxf5 Qa5+ 9. Kd1 Qa4+ 10. b3 Qxd4+ 11. Ke1 Nd7 12. Bxg5 h6 13. Nf3 Qb4+ 14. Bd2 Nxd2 15. Nbxd2 Bg7 16. Rb1 O-O-O 17. e3 Rhf8 18. Bc4 e6 19. dxe6 fxe6 20. Qxe6 Rfe8 21. Qg4 Kb8 22. Qxg7 Rg8 23. Qxh6 Rh8 24. Qf4+ Ka8 25. h3 Rhe8 26. Ke2 Ne5 27. Nxe5 Qxd2+ 28. Kf1 Rf8 29. Qg3 Qc2 30. Re1 Rd1 31. Nf3 Rxe1+ 32. Nxe1 Qxa2 33. Kg1 a6 34. Kh2 Rxf2 35. Rg1 Rf8 36. Nf3 Qc2 37. Ne5 Qh7 38. Nd3 Rg8 39. Qf3 Qc7+ 40. Kh1 Rh8 41. Qf4 Qg7 42. Nxc5 Rh7 43. Ne6 Qh8 44. Nc5 Ka7 45. Na4 Rh4 46. Qg3 Qh7 47. Qf2 b5 48. e4+ Kb7 49. Bd5+ Kc7 50. Qb6+ Kd7 51. Nc5+ Ke8 52. Qb8+ Ke7 53. Qc7+ Kf6 54. Rf1+ Kg6 55. Qd6+ Kg7 56. Rf7+ Kg8 57. Qd8# {Black checkmated} 1-0

[Event "FICS rated blitz game"]
[Site "FICS freechess.org"]
[FICSGamesDBGameNo "20000160"]
[White "sofus"]
[Black "Claude"]
[WhiteElo "1801"]
[BlackElo "1739"]
[WhiteRD "na"]
[BlackRD "na"]
[TimeControl "180+0"]
[Date "1999.01.29"]
[Time "11:19:00"]
[WhiteClock "0:03:00.000"]
[BlackClock "0:03:00.000"]
[ECO "B08"]
[PlyCount "82"]
[Result "1/2-1/2"]

1. e4 d6 2. Nf3 Nf6 3. Nc3 g6 4. d4 Bg7 5. Be2 O-O 6. h3 c6 7. a4 Nbd7 8. O-O e5 9. Be3 exd4 10. Bxd4 Nc5 11. Nd2 Be6 12. f3 Qc7 13. Be3 Rad8 14. Qe1 a6 15. Qg3 b5 16. axb5 cxb5 17. f4 Nh5 18. Qh2 b4 19. Nd5 Bxd5 20. exd5 Bxb2 21. Rab1 Bc3 22. f5 Rde8 23. Rf3 Bxd2 24. Bxd2 Rxe2 25. Bh6 Ne4 26. Bxf8 Kxf8 27. fxg6 hxg6 28. Rbf1 f5 29. Rxf5+ gxf5 30. Rxf5+ Kg7 31. Rxh5 Qxc2 32. Qxd6 Rxg2+ 33. Kh1 Qd1+ 34. Kxg2 Qe2+ 35. Kh1 Qxh5 36. Qe7+ Qf7 37. Qxe4 Qf1+ 38. Kh2 Qf2+ 39. Kh1 Qf1+ 40. Kh2 Qf2+ 41. Kh1 Qf1+ {Game drawn by repetition} 1/2-1/2

[Event "FICS rated blitz game"]
[Site "FICS freechess.org"]
[FICSGamesDBGameNo "20000159"]
[White "Gummiblitz"]
[Black "bral"]
[WhiteElo "2220"]
[BlackElo "2097"]
[WhiteRD "na"]
[BlackRD "na"]
[TimeControl "180+0"]
[Date "1999.01.28"]
[Time "17:38:00"]
[WhiteClock "0:03:00.000"]
[BlackClock "0:03:00.000"]
[ECO "B12"]
[PlyCount "99"]
[Result "0-1"]

1. e4 c6 2. d4 d5 3. e5 Bf5 4. Nc3 Qc8 5. Nf3 e6 6. Nh4 Ne7 7. Nxf5 Nxf5 8. g4 Nh4 9. Bd3 Be7 10. O-O c5 11. dxc5 Bxc5 12. Bg5 Ng6 13. Qe2 Nc6 14. Kh1 h6 15. Bd2 Ngxe5 16. Bb5 O-O 17. f4 Nd7 18. g5 hxg5 19. fxg5 Nd4 20. Qh5 Nxb5 21. Nxb5 Ne5 22. Nc3 Qc6 23. Rae1 Bd4 24. h3 Bxc3 25. bxc3 d4+ 26. Kh2 dxc3 27. Bf4 Ng6 28. Bg3 Rfd8 29. Re2 Rd2 30. Rff2 Rad8 31. Qg4 Rxe2 32. Rxe2 Rd2 33. h4 Qb5 34. Rxd2 cxd2 35. Qd1 Qd5 36. h5 Ne5 37. g6 fxg6 38. hxg6 Nxg6 39. Kh3 Qf5+ 40. Kg2 Qg5 41. Qe2 Qd5+ 42. Kf2 d1=Q 43. Qxd1 Qxd1 44. Bc7 Qxc2+ 45. Ke3 Qxa2 46. Ke4 Qb3 47. Kd4 Qa4+ 48. Kc3 Qc6+ 49. Kb2 Qxc7 50. Ka2 {White forfeits on time} 0-1

[Event "FICS rated blitz game"]
[Site "FICS freechess.org"]
[FICSGamesDBGameNo "20000158"]
[White "klash"]
[Black "ahia"]
[WhiteElo "1499"]
[BlackElo "1502"]
[WhiteRD "na"]
[BlackRD "na"]
[TimeControl "300+0"]
[Date "1999.01.28"]
[Time "14:18:00"]
[WhiteClock "0:05:00.000"]
[BlackClock "0:05:00.000"]
[ECO "A04"]
[PlyCount "64"]
[Result "0-1"]

1. Nf3 c5 2. g3 d6 3. Bg2 Nc6 4. O-O Qc7 5. d3 b5 6. e4 Bb7 7. Nbd2 g6 8. c3 Bg7 9. a4 a6 10. axb5 axb5 11. Rxa8+ Bxa8 12. Ne1 b4 13. Qc2 bxc3 14. bxc3 Qa5 15. Bb2 Nh6 16. f4 O-O 17. Nef3 Rb8 18. d4 cxd4 19. cxd4 Qb6 20. Rb1 Nb4 21. Qb3 Na6 22. Qa2 Nb4 23. Qb3 e5 24. Nc4 Qa6 25. fxe5 dxe5 26. Nfxe5 Bxe5 27. Nxe5 Nc6 28. Qe3 Nxe5 29. dxe5 Qb6 30. Kf2 Qxe3+ 31. Kxe3 Ng4+ 32. Kf4 Nxh2 {White forfeits on time} 0-1